 Dungeon Crawl Stone Soup version 0.23.2-1-ga50397a (webtiles) character file.

Game seed: 5972296259907691854

36 Borgoz the Chopper (level 3, -1/22 HPs)
             Began as a Gargoyle Gladiator on May 14, 2019.
             Slain by Sigmund
             ... wielding a +1 scythe of flaming
              (12 damage)
             ... on level 2 of the Dungeon.
             The game lasted 00:00:58 (1105 turns).

Borgoz the Chopper (Gargoyle Gladiator)             Turns: 1105, Time: 00:00:59

Health: -1/22      AC:  7    Str: 22    XL:     3   Next: 37%
Magic:  3/3        EV: 12    Int: 13    God:
Gold:   28         SH:  0    Dex: 12    Spells: 2/2 levels left

rFire    . . .     SeeInvis .   a - +0 war axe
rCold    + . .     Gourm    .   (no shield)
rNeg     + . .     Faith    .   b - +0 leather armour
rPois    ∞         Spirit   .   c - +0 helmet
rElec    +         Reflect  .   (no cloak)
rCorr    .         Harm     .   (no gloves)
MR       .....                  (no boots)
Stlth    ++........             (no amulet)
HPRegen  0.07/turn              (no ring)
MPRegen  0.08/turn              (no ring)

@: mighty, brilliant
A: camouflage 1, cold resistance 1, negative energy resistance 1, electricity
resistance, unbreathing, petrification resistance, rot immunity, AC +3
a: no special abilities


You were on level 2 of the Dungeon.
You were not hungry.

You visited 1 branch of the dungeon, and saw 2 of its levels.

You collected 28 gold pieces.

Inventory:

Hand Weapons
 a - a +0 war axe (weapon)
Missiles
 d - 3 throwing nets (quivered)
Armour
 b - a +0 leather armour (worn)
 c - a +0 helmet (worn)
Scrolls
 j - a scroll of teleportation {unknown}
Potions
 h - a potion of might
Comestibles
 f - a ration
 g - 11 chunks of flesh


   Skills:
 + Level 2.5 Fighting
 * Level 3.2 Axes
 - Level 1.7 Throwing
 + Level 1.0 Armour
 * Level 2.9 Dodging


You had 2 spell levels left.
You didn't know any spells.
Your spell library was empty.

Dungeon Overview and Level Annotations

Branches:
Dungeon (2/15)

Altars:

Annotations:
D:2 Sigmund


Innate Abilities, Weirdness & Mutations

You are resistant to torment.
Your stone body is resilient. (AC +3)
You are immune to poison.
You resist negative energy. (rN+)
You are resistant to electric shocks. (rElec)
You can survive without breathing.
You are immune to petrification.
You are immune to rotting.
Your skin changes colour to match your surroundings (Stealth+).
Your flesh is cold resistant. (rC+)


Message History

Okay, then.
You barely miss Sigmund. Sigmund asks, "Do you like me?" Sigmund misses you.
You closely miss Sigmund. Sigmund hits you but does no damage.
You hit Sigmund.
Sigmund is lightly wounded.
Sigmund hits you with a +1 scythe of flaming.
Sigmund burns you.
You slash Sigmund!
Sigmund is moderately wounded.
Sigmund casts a spell.
Sigmund flickers and vanishes!
Deactivating autopickup; reactivate with Ctrl-A.
It was a potion of mutation.
You feel extremely strange.
You feel resistant to cold.
Your skin functions as natural camouflage.
Something hits you!
Ouch! That really hurt!
You die...

.# .# .#
#######.##
#........##
#.........#
#.....#.#.####
#.....@{......
#.<...#.#.####
#.............
#..)....####.#
#.......# .
#.......#
#######.# .#
.#


There were no monsters in sight!

Vanquished Creatures
  2 dart slugs (D:1)
  A bat (D:1)
  2 giant cockroaches (D:1)
  3 hobgoblins (D:1)
  9 jackals (D:1)
  A ball python (D:1)
  2 frilled lizards (D:1)
  3 goblins (D:1)
  4 kobolds (D:1)
  2 rats (D:1)
29 creatures vanquished.

Notes
Turn   | Place    | Note
-------+----------+-------------------------------------------
     0 | D:1      | Borgoz the Gargoyle Gladiator began the quest for the Orb.
     0 | D:1      | Reached XP level 1. HP: 12/12 MP: 1/1
   241 | D:1      | Reached XP level 2. HP: 15/17 MP: 2/2
   405 | D:1      | Reached skill level 3 in Axes
   533 | D:1      | Reached XP level 3. HP: 20/22 MP: 3/3
   993 | D:1      | Reached skill level 1 in Armour
  1093 | D:2      | Noticed Sigmund
  1105 | D:2      | Gained mutation: Your flesh is cold resistant. (rC+)
                  | [potion of mutation]
  1105 | D:2      | Gained mutation: Your skin changes colour to match your
                  | surroundings (Stealth+). [potion of mutation]
  1105 | D:2      | Slain by Sigmund

Skill      XL: |  1  2  3 |
---------------+----------+-----
Axes           | 3 |  3.2
Armour         | 1 |  1.0
Fighting       | |  2.5
Throwing       | |  1.7
Dodging        | |  2.9

Action                   || total
-------------------------++-------
Melee: War axe           ||    92
  Use: Potion            ||     3
 Stab: Sleeping          ||     1
  Eat: Chunk             ||     1
Armor: Leather armour    ||    45
Dodge: Dodged            ||    81
